 Dungeon Crawl Stone Soup version 0.29-a0-284-gf9362112df (webtiles) character file.

Game seed: 3029462767500382321

21 siradein the Grave Robber (level 2, -5/20 HPs)
             Began as a Demonspawn Necromancer on Mar 29, 2022.
             Slain by a worm (9 damage)
             ... on level 2 of the Dungeon.
             The game lasted 00:01:23 (1493 turns).

siradein the Grave Robber (Demonspawn Necromancer)  Turns: 1493, Time: 00:01:23

Health: -5/20      AC:  2    Str:  8    XL:     2   Next: 65%
Magic:  2/5        EV: 12    Int: 16    God:
Gold:   72         SH:  0    Dex: 13    Spells: 4/5 levels left

rFire   . . .      SeeInvis .   d - +2 short sword (vamp)
rCold   . . .      Faith    .   (no shield)
rNeg    . . .      Spirit   .   a - +0 robe
rPois   .          Reflect  .   (helmet restricted)
rElec   .          Harm     .   (no cloak)
rCorr   .          Rampage  .   (no gloves)
Will    .....                   (no boots)
Stlth   ++........              (no amulet)
HPRegen 0.06/turn               (no ring)
MPRegen 0.09/turn               (no ring)

@: no status effects
A: horns 1
a: no special abilities


You were on level 2 of the Dungeon.
You visited 1 branch of the dungeon, and saw 2 of its levels.

You collected 72 gold pieces.

Inventory:

Hand Weapons
 d - a +2 vampiric short sword (weapon)
Armour
 a - a +0 robe (worn)
Scrolls
 c - a scroll of brand weapon {unknown}
 e - 2 scrolls of identify {unknown}
 h - a scroll of immolation {unknown}
Potions
 b - a potion of magic
 f - a potion of flight {unknown}
 g - a potion of brilliance {unknown}


   Skills:
 + Level 0.6 Fighting
 + Level 0.5 Maces & Flails
 + Level 2.0 Dodging
 - Level 1.7 Stealth
 + Level 2.2 Spellcasting
 * Level 4.7 Necromancy


You had 4 spell levels left.
You knew the following spells:

 Your Spells              Type           Power      Damage    Failure   Level
a - Pain                  Necr           64%        1d7       3%          1

Your spell library contained the following spells:

 Spells                   Type           Power      Damage    Failure   Level
 Animate Skeleton         Necr           32%        N/A       3%          1
 Vampiric Draining        Necr           16%        2d7       9%          3
 Animate Dead             Necr           8%         N/A       28%         4
 Call Canine Familiar     Summ           1%         N/A       52%         3
 Portal Projectile        Hex/Tloc       2%         N/A       52%         3
 Leda's Liquefaction      Hex/Erth       0%         N/A       90%         4
 Agony                    Necr           16%        N/A       63%         5


Dungeon Overview and Level Annotations

Branches:
Dungeon (2/15)

Altars:


Innate Abilities, Weirdness & Mutations

You have a pair of small horns on your head.


Message History

A worm comes into view.
A worm is nearby!
A worm is nearby!
A worm is nearby!
A worm is nearby!
A worm comes into view.
The worm barely resists.
The worm writhes in agony!
The worm writhes in agony.
The worm barely resists.
The worm barely misses you.
You hit the worm.
You feel better.
The worm is heavily wounded.
The worm bites you!
Ouch! That really hurt!
You are too injured to fight recklessly!
You are too injured to fight recklessly!
You are too injured to fight recklessly!
You are too injured to fight recklessly!
Found a red potion.
You start resting.
A worm is nearby!
You hit the worm.
You headbutt the worm, but do no damage.
The worm is lightly wounded.
You hit the worm.
The worm is heavily wounded.
The worm closely misses you.
You hit the worm but do no damage. Your headbutt misses the worm.
The worm is moderately wounded.
The worm bites you but does no damage.
You hit the worm.
You feel better.
Your punch misses the worm.
The worm is heavily wounded.
You barely miss the worm.
The worm is heavily wounded.
The worm bites you!
* * * LOW HITPOINT WARNING * * *
You hit the worm.
You feel better.
The worm is heavily wounded.
The worm bites you!
You die...

####### ## #..!..#
.. #@# #.# .#
#w###.##..###
#w##.........
########...w......#
#.............?.....
#.#...........#.####
#.#.###.#.....# #
#.#.###.#.....#
#.#..##.#######


You could see 2 worms.

Vanquished Creatures
  A ball python (D:1)
  3 endoplasms (D:1)
  3 hobgoblins (D:1)
  3 jackals (D:1)
  A bat (D:1)
  4 kobolds (D:1)
  5 rats
20 creatures vanquished.

Notes
Turn   | Place    | Note
-------+----------+-------------------------------------------
     0 | D:1      | siradein the Demonspawn Necromancer began the quest for the
                  | Orb.
     0 | D:1      | Reached XP level 1. HP: 13/13 MP: 3/3
   636 | D:1      | Gained mutation: You have a pair of small horns on your
                  | head. [demonic ancestry]
   636 | D:1      | Reached XP level 2. HP: 16/20 MP: 0/5
   967 | D:1      | Found a faded altar of an unknown god.
  1493 | D:2      | Slain by a worm

Illustrated notes

Levels and vault maps discovered:
D:1:      heliophobic_arrival_ceremonial_halls, layout_basic,
          dilly_ecumenical_altar_fadedgnrine
D:2:      layout_loops_corners

Skill      XL: |  1  2 |
---------------+-------+-----
Dodging        | 2 |  2.0
Fighting       | |  0.6
Maces & Flails | |  0.5
Stealth        | |  1.7
Spellcasting   | |  2.2
Necromancy     | |  4.7

Action                   || total
-------------------------++-------
Melee: Short sword       ||    38
       Club              ||     3
       Headbutt          ||     5
       Punch             ||     1
 Cast: Pain              ||    14
 Stab: Sleeping          ||     2
Armor: Robe              ||     8
Dodge: Dodged            ||    17

Table legend: (Time is in decaauts)
 A = Elapsed time spent in this place.
 B = Non-inter-level travel time spent in this place.
 C = Inter-level travel time spent in this place.
 D = Time resting spent in this place.
 E = Time spent auto-exploring this place.
 F = Levels seen in this place.
 G = Mean time per level.
                   A        B        C        D        E       F      G
               +--------+--------+--------+--------+--------+-----+--------+
         Total |   1496 |   1475 |     21 |      2 |   1301 |   2 |  748.0 |
       Dungeon |   1496 |   1475 |     21 |      2 |   1301 |   2 |  748.0 |
               +--------+--------+--------+--------+--------+-----+--------+

Top non-repeatable levels by time:
     D:1: 1451 daAuts
     D:2: 44 daAuts
